 Dungeon Crawl Stone Soup version 0.31.0-9-g3a7656b989 (webtiles) character file.

Game seed: 9888619511473746868

93804 mainiacjoe the Skirmisher (level 15, -14/81 HPs)
             Began as a Spriggan Alchemist on Jan 21, 2024.
             Was a High Priest of Nemelex Xobeh.
             Killed from afar by a frost giant (32 damage)
             ... with a bolt of cold
             ... on level 15 of the Dungeon on Jan 24, 2024.
             The game lasted 02:26:05 (29972 turns).

mainiacjoe the Skirmisher (Spriggan Alchemist)     Turns: 29972, Time: 02:26:09

Health: -14/81     AC: 12    Str:  6    XL:     15   Next: 61%
Magic:  23/27      EV: 30    Int: 30    God:    Nemelex Xobeh [*****.]
Gold:   2058       SH:  5    Dex: 19    Spells: 7/20 levels left

rFire   + . .        b - +2 arbalest (heavy)
rCold   . . .        (shield currently unavailable)
rNeg    + . .        v - +2 robe {Will+}
rPois   .            L - +2 hat {Int+3} {Gastronok}
rElec   .            N - +1 cloak of Starlight {*Dazzle EV+4 Stlth--}
rCorr   .            (gloves unavailable)
SInv    +            (boots unavailable)
Will    +++..        y - amulet of reflection
Stlth   +++          o - +4 ring of protection
HPRegen 0.33/turn    G - ring "Zoimubol" {rF+ rN+ Str+2 Int+6}
MPRegen 0.20/turn

%: reflection
@: very quick
A: very small, no large weapons, unfitting armour, see invisible, speed 3
a: Renounce Religion, Draw Escape, Draw Destruction, Draw Summoning, Draw Stack,
Triple Draw, Deal Four, Stack Five


You were on level 15 of the Dungeon.
You worshipped Nemelex Xobeh.
Nemelex Xobeh was extremely pleased with you.
You visited 4 branches of the dungeon, and saw 23 of its levels.
You also visited: Sewer, Bailey and Ice Cave.

You collected 2814 gold pieces.
You spent 756 gold pieces at shops.

Inventory:

Hand Weapons
 a - a +4 sling of flaming
 b - a +2 heavy arbalest (weapon)
 w - the +10 dagger of Qaptot {speed, rCorr MP+9 Str+3 Dex-5}
   (You found it on level 3 of the Lair of Beasts)

   Str+3:     It affects your strength (+3).
   Dex-5:     It affects your dexterity (-5).
   MP+9:      It affects your magic capacity (+9).
   rCorr:     It protects you from acid and corrosion.
 Z - the +6 war axe "Conservator" {flame, Will++}
   (You found it on level 4 of the Dungeon)

   Will++:    It greatly increases your willpower.
Missiles
 d - 3 atropa-tipped darts {=F}
 f - 213 stones
 h - 32 boomerangs
 P - 10 poisoned darts
 W - 3 datura-tipped darts {=F}
Armour
 i - a scarf of shadows
 j - a +2 cloak
 v - a +2 robe of willpower (worn)
 L - a +2 hat of intelligence (worn) {Gastronok}
 N - the +1 cloak of Starlight (worn) {*Dazzle EV+4 Stlth--}
   (You found it on level 13 of the Dungeon)

   *Dazzle:   It may blind those who miss an attack against the wearer in melee
   combat.
   EV+4:      It affects your evasion (+4).
   Stlth--:   It makes you much less stealthy.
 O - a +2 robe of fire resistance
 Y - a +2 robe of cold resistance
Jewellery
 o - a +4 ring of protection (left hand)
 y - an amulet of reflection (around neck)
 B - a ring of positive energy
 G - the ring "Zoimubol" (right hand) {rF+ rN+ Str+2 Int+6}
   (You acquired it on level 6 of the Dungeon)

   [ring of intelligence]

   Str+2:     It affects your strength (+2).
   Int+6:     It affects your intelligence (+6).
   rF+:       It protects you from fire.
   rN+:       It protects you from negative energy.
 X - a ring of ice
Wands
 c - a wand of polymorph (14)
 k - a wand of iceblast (3)
 q - a wand of charming (26)
 r - a wand of flame (16)
 K - a wand of acid (16)
 M - a wand of digging (13)
Scrolls
 m - 2 scrolls of summoning
 n - 5 scrolls of poison
 p - a scroll of blinking
 t - 5 scrolls of fear
 x - 7 scrolls of teleportation
 D - 3 scrolls of vulnerability
 E - 4 scrolls of fog
 F - a scroll of enchant armour
 J - 3 scrolls of revelation
 R - 8 scrolls of identify
 U - a scroll of immolation
Potions
 e - 7 potions of heal wounds
 g - 2 potions of enlightenment
 l - 4 potions of attraction
 s - 4 potions of haste
 u - 5 potions of resistance
 z - 3 potions of brilliance
 A - 2 potions of magic
 C - 2 potions of cancellation
 H - a potion of lignification
 I - 3 potions of ambrosia
 Q - a potion of might
 S - 10 potions of curing
Miscellaneous
 V - a lightning rod (4/4)


   Skills:
 + Level 10.5 Fighting
 + Level 14.9 Ranged Weapons
 + Level 11.2 Dodging
 - Level 10.0 Stealth
 - Level 3.0 Spellcasting
 - Level 1.0 Conjurations
 - Level 4.0 Hexes
 - Level 2.0 Fire Magic
 - Level 3.0 Air Magic
 - Level 10.0 Alchemy
 * Level 14.9 Invocations
 - Level 5.0 Evocations


You had 7 spell levels left.
You knew the following spells:

 Your Spells              Type           Power      Damage    Failure   Level
a - Sting                 Conj/Alch      100%       1d9       1%          1
b - Mercury Vapours       Alch/Air       86%        N/A       1%          2
c - Mephitic Cloud        Conj/Alch/Air  32%        N/A       3%          3
d - Olgreb's Toxic Radia  Alch           59%        N/A       1%          4
e - Inner Flame           Hex/Fire       22%        N/A       6%          3

Your spell library contained the following spells:

 Spells                   Type           Power      Damage    Failure   Level
 Shock                    Conj/Air       64%        1d7       3%          1
 Scorch                   Fire           32%        2d6       4%          2
 Swiftness                Air            22%        N/A       6%          3
 Sticky Flame             Fire/Alch      40%        2d8       6%          4
 Freeze                   Ice            16%        1d4       7%          1
 Sandblast                Erth           8%         2d5       7%          1
 Hailstorm                Conj/Ice       7%         3d5       17%         3
 Stone Arrow              Conj/Erth      14%        3d7       17%         3
 Airstrike                Air            11%        2d(2-18)  21%         4
 Frozen Ramparts          Ice            8%         1d2       22%         3
 Passwall                 Erth           4%         N/A       22%         3
 Flame Wave               Conj/Fire      13%        2d6       36%         4
 Summon Lightning Spire   Summ/Air       13%        N/A       36%         4
 Brom's Barrelling Bould  Conj/Erth      7%         2d3       50%         4
 Animate Armour           Summ/Erth      8%         N/A       56%         4
 Animate Dead             Necr           4%         N/A       56%         4
 Sculpt Simulacrum        Ice/Alch       17%        N/A       80%         6
 Borgnjor's Vile Clutch   Necr/Erth      2%         N/A       89%         5
 Lee's Rapid Deconstruct  Erth           2%         3d4*      89%         5
 Death Channel            Necr           2%         N/A       100%        6
 Summon Cactus Giant      Summ           2%         N/A       100%        6
 Haunt                    Necr/Summ      2%         N/A       100%        7
 Ozocubu's Refrigeration  Ice            2%         4d7       100%        7
 Infestation              Necr           2%         N/A       100%        8
 Lehudib's Crystal Spear  Conj/Erth      3%         10d3      100%        8
 Polar Vortex             Ice            2%         N/A       100%        9


Dungeon Overview and Level Annotations

Branches:
Dungeon (15/15)            Temple (1/1) D:7            Lair (5/5) D:8
 Shoals (0/4) Lair:2        Snake (0/4) Lair:3        Slime (0/5) Lair:4
    Orc (2/2) D:11            Elf (0/3) Orc:2        Vaults (0/5) D:14
  Sewer (visited)          Bailey (visited)           IceCv (visited)
 Depths: D:15

Altars:
Ashenzari
Cheibriados
Dithmenos
Elyvilon
Fedhas
Gozag
Hepliaklqana
Kikubaaqudgha
Makhleb
Nemelex Xobeh
Okawaru
Qazlal
Ru
Sif Muna
Trog
Uskayaw
Vehumet
Wu Jian
Xom
Yredelemnul
Zin
The Shining One
Lugonu

Shops:
D:1 [   D:12 =   Orc:2 :??[

Portals:
Abyss: Lair:5

Annotations:
D:14 2 transporters, 1 runed translucent door, exclusion: orange crystal statue, Jaliuk's ghost, journeyman DECj
Lair:1 exclusion: oklob plant


Innate Abilities, Weirdness & Mutations

You are very small and have problems with some larger weapons.
You are too small for most types of armour.
You have supernaturally acute eyesight. (SInv)
You cover ground extremely quickly. (Speed+++)


Message History

Press: ? - help, Shift-Dir - straight line, f - frost giant
Aim: a frost giant, wielding a +2 battleaxe of freezing (asleep, chance to affect: 24%)
The ball explodes into a vile cloud!
The stinking cloud engulfs the frost giant.
The frost giant shouts!
You hear a hideous shriek!
You hear a shout! x2
The frost giant is engulfed in noxious fumes.
The frost giant appears confused.
You hear an angry buzzing noise.
You shoot a bolt. The bolt hits the frost giant!!!
The frost giant is moderately wounded.
The frost giant is engulfed in noxious fumes.
You shoot a bolt.
The bolt hits the frost giant but does no damage.
The frost giant is moderately wounded.
The frost giant seems less confused.
You shoot a bolt. The bolt hits the frost giant!!
The frost giant is severely wounded.
No target in view!
You shoot a bolt. The bolt barely misses the frost giant.
The frost giant is engulfed in noxious fumes.
You shoot a bolt. The bolt barely misses the frost giant.
The frost giant hits you with a +2 battleaxe of freezing!!
The frost giant freezes you!
The frost giant points at you and mumbles some strange words.
The bolt of cold hits you!!
* * * LOW HITPOINT WARNING * * *
Casting: Mephitic Cloud (mildly dangerous; 3% risk of failure)
Confirm with . or Enter, or press ? or * to list all spells.
Aiming: Mephitic Cloud (mildly dangerous; 3% risk of failure)
Press: ? - help, Shift-Dir - straight line, f/p - frost giant
Aim: a frost giant, wielding a +2 battleaxe of freezing (severely wounded, chance to affect: 24%)
The ball explodes into a vile cloud!
The stinking cloud engulfs the frost giant.
The frost giant is severely wounded.
You hear a shout! x3
The frost giant is engulfed in noxious fumes.
The frost giant gestures at you while chanting.
The bolt of cold hits you!!
You die...
Your body disappears without a glow.

.#.......#....###∩##
.........+.<..##$⌠?##
..^.#....##...#.....#
.....#....#'###.....# #+
...~~.#...)...##.§. ...
#..~~~.#.......#§#+#....
##.~≈~.........§C§......
#...............#......
###.....#......@.......
##.....#..##...#.....
###.................
##......##...#....
+................
#.......##...# .. +#..
.... . ## .....


You could see a frost giant.

Vanquished Creatures
  A reaper (IceCv)
  7 vault guards
  A catoblepas (Lair:4)
  3 hydras
  Erolcha (D:10)
  Fannar (Lair:2)
  2 two-headed ogres
  A tengu warrior (D:13)
  A boulder beetle (Lair:5)
  4 thrashing horrors (Lair:5)
  6 orc high priests
  Amaemon (Lair:1)
  A skyshark (Lair:3)
  2 wretched stars (D:13)
  A deep elf pyromancer (D:14)
  4 orc knights (Orc:2)
  2 orc sorcerers
  7 ugly things
  7 cyclopes
  14 elephants
  4 black mambas
  A guardian serpent (D:15)
  An ice statue (IceCv)
  3 kobold blastminers (Orc:2)
  An apocalypse crab (Orc:2)
  11 cane toads
  2 torpor snails (Lair:5)
  An orange demon (Lair:1)
  3 gargoyles
  2 unseen horrors
  A freezing wraith (IceCv)
  Jeremiah (D:7)
  3 rime drakes
  17 komodo dragons
  An anaconda simulacrum (IceCv)
  7 trolls
  9 polar bears
  A hornet (D:10)
  A raiju (shapeshifter) (Lair:5)
  A blink frog (shapeshifter) (Lair:5)
  2 raiju (Lair:5)
  4 dream sheep (Lair:5)
  23 blink frogs
  A culicivora (Lair:2)
  2 slime creatures
  8 spriggans
  4 humans (D:14)
  5 wyverns
  3 vampires
  6 wraiths
  A ynoxinul (Lair:5)
  A fire elemental (Orc:2)
  A golden eye (shapeshifter) (Lair:5)
  5 basilisks
  58 yaks
  2 death yak simulacra (IceCv)
  4 steam dragons
  6 wargs
  A chaos spawn (Lair:5)
  3 acid dragons
  22 water moccasins
  2 hell hounds (Orc:2)
  4 black bears
  2 sky beasts
  43 orc warriors
  3 ice beasts
  16 ogres
  16 centaurs
  8 wolves
  A phantom (D:4)
  A kobold brigand (D:8)
  A lemure (Lair:5)
  2 brain worms (Sewer)
  16 bullfrogs
  10 small abominations (Lair:5)
  2 scorpions (D:5)
  4 two-headed ogre simulacra (IceCv)
  5 wights (D:5)
  5 killer bees (D:10)
  3 elephant simulacra (IceCv)
  An electric eel (Lair:5)
  5 howler monkeys
  A cerulean imp (Lair:5)
  2 jellies
  3 bombardier beetles
  29 orc priests
  3 hounds
  An iron imp (Lair:5)
  Terence (D:3)
  6 iguanas
  Natasha (thrice) (D:3)
  20 orc wizards
  9 troll simulacra (IceCv)
  6 spriggan simulacra (IceCv)
  2 polar bear simulacra (IceCv)
  5 wolf simulacra (IceCv)
  12 adders
  4 naga simulacra (IceCv)
  2 river rats (Sewer)
  A shadow imp (Orc:2)
  5 white imps (IceCv)
  7 ufetubi
  3 dart slugs
  5 ribbon worms
  90 orcs
  8 endoplasms
  2 giant cockroaches
  7 goblins
  9 hobgoblins
  A quokka (D:2)
  11 ball pythons
  5 bats
  8 frilled lizards
  8 kobolds
  9 rats
738 creatures vanquished.

Vanquished Creatures (collateral kills)
  Rupert (D:12)
  Gastronok (Lair:1)
  4 cherubim (D:13)
  A komodo dragon (D:13)
  A troll (D:12)
  A blink frog (Lair:3)
  3 slime creatures (D:12)
  A water moccasin (Lair:3)
  A howler monkey (D:13)
14 creatures vanquished.

Vanquished Creatures (others)
  A vault guard (D:14)
  A human (D:14)
2 creatures vanquished.

Grand Total: 754 creatures vanquished

Notes
Turn   | Place    | Note
-------+----------+-------------------------------------------
     0 | D:1      | mainiacjoe the Spriggan Alchemist began the quest for the
                  | Orb.
     0 | D:1      | Reached XP level 1. HP: 9/9 MP: 5/5
   206 | D:1      | Noticed an animated pearl dragon scales
   208 | D:1      | Found Raboim's Armour Shop.
   210 | D:1      | Noticed an animated shadow dragon scales
   219 | D:1      | Reached skill level 1 in Conjurations
   219 | D:1      | Reached XP level 2. HP: 9/13 MP: 4/7
   223 | D:1      | Learned a level 2 spell: Mercury Vapours
  1011 | D:2      | Reached XP level 3. HP: 16/16 MP: 6/8
  1015 | D:2      | Learned a level 3 spell: Mephitic Cloud
  1477 | D:2      | Reached skill level 5 in Alchemy
  1594 | D:2      | Reached XP level 4. HP: 21/21 MP: 4/9
  2125 | D:3      | Noticed Terence
  2213 | D:3      | Killed Terence
  2355 | D:3      | Reached XP level 5. HP: 23/24 MP: 1/10
  2438 | D:3      | Found a glowing drain.
  2441 | D:3      | Noticed Natasha
  2451 | Sewer    | Entered a sewer
  2520 | Sewer    | Reached skill level 1 in Air Magic
  2836 | Sewer    | Reached XP level 6. HP: 28/28 MP: 8/11
  3055 | D:3      | Killed Natasha
  3407 | D:3      | Noticed Natasha
  3414 | D:3      | Killed Natasha
  3452 | D:3      | Noticed Natasha
  3456 | D:3      | Killed Natasha
  3758 | D:4      | Reached XP level 7. HP: 27/32 MP: 3/12
  3956 | D:4      | Identified the +6 war axe "Conservator" {flame, Will++}
  3985 | D:4      | Learned a level 4 spell: Olgreb's Toxic Radiance
  4002 | D:4      | Identified the +8 tower shield of Panentheism {Str+2}
  4064 | D:4      | Reached skill level 1 in Ranged Weapons
  4322 | D:4      | Noticed a wyvern
  4334 | D:4      | Killed a wyvern
  4570 | D:5      | Entered Level 5 of the Dungeon
  4750 | D:5      | Reached XP level 8. HP: 36/36 MP: 13/13
  5225 | D:5      | Found Cockeiruo's Magic Scroll Boutique.
  5233 | D:5      | Bought a scroll of identify for 28 gold pieces
  5233 | D:5      | Bought a scroll of fog for 56 gold pieces
  5233 | D:5      | Bought a scroll of identify for 28 gold pieces
  5233 | D:5      | Bought a scroll of identify for 28 gold pieces
  5233 | D:5      | Bought a scroll of fear for 56 gold pieces
  5233 | D:5      | Bought a scroll of teleportation for 42 gold pieces
  5304 | D:5      | Reached skill level 5 in Ranged Weapons
  5521 | D:5      | Reached skill level 10 in Alchemy
  5695 | D:5      | Reached XP level 9. HP: 28/39 MP: 10/14
  6642 | D:6      | Identified a scroll of acquirement
  6642 | D:6      | Acquired the ring "Zoimubol" {rF+ rN+ Str+2 Int+6}
  6692 | D:6      | Found a burning altar of Makhleb.
  6854 | D:6      | Learned a level 3 spell: Inner Flame
  7141 | D:7      | Reached skill level 1 in Hexes
  7141 | D:7      | Noticed Jeremiah
  7331 | D:7      | Found an ancient bone altar of Kikubaaqudgha.
  7349 | D:7      | Reached skill level 1 in Fire Magic
  7378 | D:7      | Found a shimmering altar of Xom.
  7404 | D:7      | Found a white marble altar of Elyvilon.
  7404 | D:7      | Found a glowing golden altar of the Shining One.
  7404 | D:7      | Found a glowing silver altar of Zin.
  7411 | D:7      | Found a staircase to the Ecumenical Temple.
  7421 | Temple   | Entered the Ecumenical Temple
  7432 | Temple   | Became a worshipper of Nemelex Xobeh the Trickster
  7494 | D:7      | Killed Jeremiah
  7495 | D:7      | Reached skill level 1 in Invocations
  7802 | D:7      | Found a shimmering blue altar of Sif Muna.
  8198 | D:8      | Found a broken altar of Ashenzari.
  8198 | D:8      | Found a snail-covered altar of Cheibriados.
  8745 | D:8      | Reached * piety under Nemelex Xobeh
  8811 | D:8      | Reached XP level 10. HP: 32/44 MP: 9/15
  8867 | D:8      | Found a staircase to the Lair.
  8893 | D:8      | Reached skill level 10 in Ranged Weapons
  9039 | D:9      | Found a flagged portal.
  9061 | Bailey   | Entered a bailey
  9348 | Bailey   | Identified the +1 steam dragon scales of the Evening {Harm
                  | Stlth+}
  9350 | Bailey   | Noticed a two-headed ogre
  9515 | Bailey   | Killed a two-headed ogre
  9593 | Bailey   | Reached skill level 5 in Invocations
  9719 | D:9      | Identified the +7 broad axe of Pride {elec, rPois}
  9992 | D:9      | Received a gift from Nemelex Xobeh
 10264 | D:10     | Entered Level 10 of the Dungeon
 10347 | D:10     | Reached XP level 11. HP: 41/47 MP: 12/16
 10602 | D:10     | Found an opulent altar of Gozag.
 10620 | D:10     | Noticed Erolcha
 10654 | D:10     | Killed Erolcha
 10870 | D:10     | Reached ** piety under Nemelex Xobeh
 11106 | Lair:1   | Entered Level 1 of the Lair of Beasts
 11326 | Lair:1   | You fall into a shaft and drop 1 floor!
 11368 | Lair:1   | Noticed Gastronok
 11379 | Lair:1   | Killed Gastronok
 11428 | Lair:1   | Received a gift from Nemelex Xobeh
 11444 | Lair:1   | Identified the +8 dagger of the Desolation of Salt {venom,
                  | ^Drain rF+ Int+6}
 12004 | Lair:1   | Received a gift from Nemelex Xobeh
 12149 | Lair:1   | Found a blossoming altar of Fedhas.
 12165 | Lair:1   | Noticed an oklob plant
 12298 | Lair:1   | Noticed Amaemon
 12307 | Lair:1   | Killed Amaemon
 12644 | Lair:2   | Reached *** piety under Nemelex Xobeh
 12677 | Lair:2   | Noticed Fannar
 12681 | Lair:2   | Killed Fannar
 12682 | Lair:2   | Reached skill level 1 in Fighting
 12700 | Lair:2   | Reached XP level 12. HP: 43/53 MP: 14/19
 12918 | Lair:2   | Found a staircase to the Shoals.
 13033 | Lair:2   | Noticed a five-headed hydra
 13042 | Lair:2   | a five-headed hydra changed into a culicivora
 13385 | Lair:2   | Noticed a four-headed hydra
 13455 | Lair:2   | Killed a four-headed hydra
 13456 | Lair:2   | Reached skill level 5 in Dodging
 13499 | Lair:2   | Received a gift from Nemelex Xobeh
 13721 | Lair:3   | Noticed a seven-headed hydra
 14315 | Lair:2   | Reached skill level 5 in Fighting
 14341 | Lair:2   | Found a staircase to the Shoals.
 14534 | Lair:3   | Received a gift from Nemelex Xobeh
 14607 | Lair:3   | Found a staircase to the Snake Pit.
 14736 | Lair:3   | Reached **** piety under Nemelex Xobeh
 14806 | Lair:3   | Received a gift from Nemelex Xobeh
 14806 | Lair:3   | Identified the +10 dagger of Qaptot {speed, rCorr MP+9
                  | Str+3 Dex-5}
 14963 | Lair:3   | Received a gift from Nemelex Xobeh
 14971 | Lair:3   | Reached skill level 10 in Invocations
 15049 | Lair:3   | Killed a seven-headed hydra
 15293 | Lair:3   | Reached XP level 13. HP: 66/66 MP: 13/21
 15893 | Lair:4   | Upgraded the game from 0.31.0-4-g52a2dc7128 to
                  | 0.31.0-7-gf635a9b802
 16023 | Lair:3   | Upgraded the game from 0.31.0-7-gf635a9b802 to
                  | 0.31.0-9-g3a7656b989
 16722 | Lair:4   | Received a gift from Nemelex Xobeh
 17171 | Lair:4   | Found a staircase to the Slime Pits.
 17370 | Lair:4   | Reached ***** piety under Nemelex Xobeh
 17555 | Lair:5   | Entered Level 5 of the Lair of Beasts
 18329 | Lair:5   | Reached skill level 10 in Dodging
 18622 | Lair:5   | Found a radiant altar of Vehumet.
 18670 | Lair:5   | Identified the +2 leather armour of Somewhere Else {rN+}
 18828 | Lair:5   | Reached skill level 10 in Fighting
 18859 | Lair:5   | Reached skill level 1 in Evocations
 19053 | Lair:5   | Noticed Josephine
 19229 | Lair:5   | Josephine changed into Josephine the spriggan
 19229 | Lair:5   | Noticed Josephine
 19232 | Lair:5   | Killed Josephine the spriggan
 19238 | Lair:5   | Reached skill level 5 in Stealth
 19238 | Lair:5   | Reached XP level 14. HP: 50/77 MP: 18/22
 19500 | Lair:5   | Identified the +6 whip "Cackosin" {flame, Dex+4}
 20421 | Lair:5   | Found a corrupted altar of Lugonu.
 20421 | Lair:5   | Found a one-way gate to the infinite horrors of the Abyss.
 20671 | D:10     | Reached skill level 5 in Evocations
 20730 | D:11     | Found a frozen archway.
 20774 | IceCv    | Entered an ice cave
 21100 | IceCv    | Noticed a reaper
 21110 | IceCv    | Killed a reaper
 21605 | IceCv    | Identified the +0 pair of gloves of Gluttony {Rampage Int+8
                  | Dex-3 Stlth+}
 21797 | D:11     | Identified the +6 trident of the Lachrymose God {protect,
                  | rF- Int+7 Dex-3 Stlth+}
 22350 | D:11     | Found a staircase to the Orcish Mines.
 22571 | Orc:1    | Entered Level 1 of the Orcish Mines
 23137 | Orc:2    | Entered Level 2 of the Orcish Mines
 23145 | Orc:2    | Found a staircase to the Elven Halls.
 23786 | Orc:2    | Noticed Azrael
 23801 | Orc:2    | Azrael changed into Azrael the apocalypse crab
 23801 | Orc:2    | Noticed Azrael
 23802 | Orc:2    | Killed Azrael the apocalypse crab
 23821 | Orc:2    | Reached skill level 10 in Stealth
 25627 | Orc:2    | Reached XP level 15. HP: 26/80 MP: 20/26
 26212 | Orc:2    | Found Siasa's Book Shoppe.
 26215 | Orc:2    | Found Mousm's Magic Scroll Shoppe.
 26216 | Orc:2    | Found Dophinuh's Armour Shoppe.
 26217 | Orc:2    | Found Yvischeo's Magic Scroll Emporium.
 26223 | Orc:2    | Bought a scroll of blinking for 120 gold pieces
 26223 | Orc:2    | Bought a scroll of vulnerability for 64 gold pieces
 26227 | Orc:2    | Bought a scroll of enchant armour for 82 gold pieces
 26227 | Orc:2    | Bought a scroll of vulnerability for 44 gold pieces
 26227 | Orc:2    | Bought a scroll of revelation for 82 gold pieces
 26227 | Orc:2    | Bought a scroll of enchant weapon for 82 gold pieces
 26227 | Orc:2    | Bought a scroll of vulnerability for 44 gold pieces
 26359 | D:12     | Found Ilyruy's Jewellery Shop.
 26469 | D:12     | Received a gift from Nemelex Xobeh
 26697 | D:12     | Received a gift from Nemelex Xobeh
 26758 | D:12     | Noticed Rupert
 26767 | D:12     | Killed Rupert
 27140 | D:12     | Received a gift from Nemelex Xobeh
 28001 | D:13     | Found the +1 cloak of Starlight {*Dazzle EV+4 Stlth--}
 28448 | D:13     | Received a gift from Nemelex Xobeh
 28561 | D:14     | Found a transporter.
 28563 | D:14     | Found the +13 scythe of Curses {drain, curses, ^Drain}
 28564 | D:14     | Noticed Jaliuk's ghost (journeyman DECj)
 28620 | D:14     | Found a transporter.
 28724 | D:14     | Received a gift from Nemelex Xobeh
 28735 | D:14     | Found a runed translucent door.
 28871 | D:14     | HP: 1/81 [vault guard/+0 long sword (20)]
 29350 | D:14     | Identified the +5 rapier "Vukho" {chaos, rF+ Int+2}
 29467 | D:14     | Received a gift from Nemelex Xobeh
 29517 | D:14     | Found a gate to the Vaults.
 29812 | D:15     | Entered Level 15 of the Dungeon
 29963 | D:15     | Noticed a frost giant
 29972 | D:15     | Killed from afar by a frost giant

Illustrated notes

Levels and vault maps discovered:
D:1:      mainiacjoe_arrival_oval_in_oval, layout_basic, serial_shops,
          nicolae_shop_mannequins, minivault_4
D:2:      layout_loops_ring
D:3:      layout_rooms, cheibrodos_sewer_entry_bend, palyth_stone_intersect,
          uniq_terence, uniq_natasha
D:4:      layout_loops_ring, hangedman_decor_clover_reticule
D:5:      layout_gridville, serial_shops, shop, grunt_ministairs_4
D:6:      layout_loops_corners, makhleb_blood_cavern_becter
D:7:      layout_basic, good_gods_mini_temple, xom_teletrap_fun,
          nicolae_sif_muna_condensation, old_standard_altar,
          minmay_temple_entry_poolview, uniq_jeremiah
D:8:      layout_loops_cross, gammafunk_temple_overflow_pools,
          david_lair_shrubbed
D:9:      layout_roguey, enter_bailey_4
D:10:     layout_rooms, grunt_gozag_breadcrumbs, uniq_erolcha
D:11:     layout_small_grid, david_orc_4, portal_ice_cave_entry_pillars_1
D:12:     layout_grid_maze, serial_shops, nicolae_shop_advertising_works
          [nicolae_subvault_shop_adworks], uniq_rupert
D:13:     layout_rooms, nicolae_sextant, hellmonk_guarded_unrand_starlight
D:14:     layout_irregular_city, ximxim_vaults_locker_room,
          gammafunk_ghost_stat_death, minmay_crystal_box
D:15:     hangedman_spin_cycle
Temple:   hc_temple_tempest_star
Lair:1:   layout_regular_city, tgw_fedhas, uniq_gastronok, uniq_amaemon
Lair:2:   layout_regular_city, shoals_dummy_entry, uniq_fannar
Lair:3:   layout_cellular_growth, minmay_snake_entry_six_corridors,
          grunt_megastairs_2, lemuel_fruit_tree
Lair:4:   layout_hall_layers, slime_entry_1, serial_bayou_crossing,
          serial_bayou_shore_b
Lair:5:   hellmonk_lair_end_abyssal_woods, layout_loops_ring, basic_altar,
          infiniplex_staircase_pool, uniq_josephine
Orc:1:    layout_caves
Orc:2:    st_orc_pillars, layout_diamond_mine, mines2_lemuel, uniq_azrael

Skill      XL: |  1  2  3  4  5  6  7  8  9 10 11 12 13 14 15 |
---------------+----------------------------------------------+-----
Spellcasting   | 3 |  3.0
Conjurations   | 1 |  1.0
Alchemy        | 4 5 6 7 8 10 | 10.0
Air Magic      | 3 |  3.0
Ranged Weapons | 3 6 9 12 14 | 14.9
Hexes          | 3 4 |  4.0
Fire Magic     | 1 2 |  2.0
Invocations    | 2 5 8 10 13 14 | 14.9
Fighting       | 1 6 10 | 10.5
Dodging        | 3 7 10 11 | 11.2
Evocations     | 2 5 |  5.0
Stealth        | 5 10 | 10.0

Action                     |  1- 3 |  4- 6 |  7- 9 | 10-12 | 13-15 || total
---------------------------+-------+-------+-------+-------+-------++-------
  Melee: Dagger            |    21 |    12 |       |     3 |    15 ||    51
         War axe           |       |       |       |     1 |       ||     1
   Fire: Sling             |       |    72 |   318 |   532 |   494 ||  1416
         Arbalest          |       |       |       |    78 |   816 ||   894
  Throw: Boomerang         |       |     2 |       |       |       ||     2
   Cast: Sting             |    62 |    76 |    52 |    18 |     1 ||   209
         Mercury Vapours   |     3 |     2 |     2 |     1 |     4 ||    12
         Mephitic Cloud    |       |     5 |     8 |    25 |    32 ||    70
         Olgreb's Toxic Ra |       |       |    10 |    15 |    43 ||    68
         Inner Flame       |       |       |     2 |    29 |    32 ||    63
 Invoke: Draw Destruction  |       |       |       |    16 |    15 ||    31
         Draw Summoning    |       |       |       |     2 |     4 ||     6
         Triple Draw       |       |       |       |       |     2 ||     2
         Draw Escape       |       |       |       |       |     2 ||     2
         Stack Five        |       |       |       |       |     1 ||     1
         Draw Stack        |       |       |       |       |     3 ||     3
         Deal Four         |       |       |       |       |     2 ||     2
  Evoke: Wand              |       |       |     1 |     1 |     2 ||     4
         Lightning rod     |       |       |       |     1 |     5 ||     6
    Use: Scroll            |     5 |     3 |    14 |     6 |     8 ||    36
         Potion            |       |     1 |       |     3 |     4 ||     8
   Stab: Sleeping          |     1 |       |       |       |       ||     1
 Armour: Robe              |    13 |    30 |    38 |    79 |   297 ||   457
         Skin              |       |       |     3 |       |       ||     3
         Steam dragon scal |       |       |       |     2 |       ||     2
  Dodge: Dodged            |    34 |    39 |    77 |   157 |   601 ||   908
  Block: Other             |       |       |    18 |    37 |   138 ||   193
         Reflection        |       |       |     2 |       |    18 ||    20
